AoeStats
← andresphones

Four Lakes

508952199Analyzed
1v1 RM · 7d ago on Sep 24, 2026· 24m 9s· 2 players
Game mode
Random Map
Map size
Tiny (2 player)
Population
200
Speed
Normal
Resources
Standard
Victory
Conquest
Starting age
Dark Age
Ending age
Imperial Age
RankedLock teamsTeams togetherTeam positionsShared explorationLock speedFull tech treeHidden civsTurbo modeCheats
Victory
Defeat
🇪🇸 Varangians · Spain
982
+15
🇨🇴 Magyars · Colombia
952
-15
Th3_B0rg
8:54 Loom
10:57 Feudal Age
11:33 Double-Bit Axe
11:12 Man-at-Arms
14:26 Arson
21:14 Scale Mail Armor
21:25 Forging
26:43 Castle Age
andresphones
10:29 Feudal Age
12:30 Double-Bit Axe
24:24 Castle Age
Connection lost

Rejoining the realm…

Still unreachable

The connection could not be restored.

Session expired

The server has moved on; the page needs a fresh start.